Map: Dusk Towers

Players

PtitDrogo - Winner!

  • Race: Protoss Protoss
  • League: Master

Neeblet (Neeb)

  • Race: Protoss Protoss
  • League: Grandmaster

Event: DreamHack ZOWIE Open Leipzig

VOD

Have the link to the VOD?

Description

Time

  • Played on: Jan. 22, 2016, 1:01 p.m.
  • Length: 13:11

All games in this series

Show
View Real Time Build Order
Export as new Build Order

PtitDrogo Protoss - Winner!

Build Orders: 1 Gate Expand, Oracle Opening 

Get SALT Encoding   

  12  0:01  Probe (Chrono Boost)  
  13  0:11  Probe (Chrono Boost)  
  14  0:17  Pylon  
  14  0:22  Probe (Chrono Boost)  
  15  0:35  Gateway  
  15  0:36  Probe (Chrono Boost)  
  15  0:41  Assimilator  
  16  0:46  Probe (Chrono Boost)  
  18  0:57  Probe (Chrono Boost)  
  18  1:07  Probe (Chrono Boost)  
  19  1:19  Nexus  
  19  1:21  Probe (Chrono Boost)  
  20  1:30  Cybernetics Core  
  20  1:33  Probe (Chrono Boost)  
  20  1:38  Assimilator  
  21  1:44  Probe (Chrono Boost)  
  22  1:48  Pylon  
  22  1:54  Probe (Chrono Boost)  
  23  2:06  Probe (Chrono Boost)  
  23  2:07  Adept (Chrono Boost), Warp Gate  
  26  2:20  Probe  
  27  2:31  Adept (Chrono Boost)  
  27  2:32  Probe x2  
  27  2:34  Stargate  
  31  2:43  Probe  
  32  2:44  Probe  
  33  2:51  Assimilator  
  33  2:53  Probe  
  33  2:55  Adept (Chrono Boost)  
  33  2:56  Probe  
  37  3:04  Probe  
  37  3:08  Probe  
  39  3:15  Probe  
  39  3:17  Oracle (Chrono Boost)  
  43  3:22  Pylon  
  43  3:23  Mothership Core  
  43  3:25  Probe  
  46  3:33  Robotics Facility  
  46  3:38  Probe  
  46  3:39  Pylon  
  47  3:44  Probe (Chrono Boost)  
  48  3:50  Probe (Chrono Boost), Gateway  
  48  3:51  Gateway  
  49  3:56  Probe (Chrono Boost)  
  49  4:01  Probe (Chrono Boost)  
  51  4:06  Probe (Chrono Boost)  
  52  4:11  Probe (Chrono Boost)  
  54  4:17  Probe (Chrono Boost)  
  54  4:21  Probe (Chrono Boost)  
  54  4:23  Nexus  
  51  4:27  Probe (Chrono Boost), Observer (Chrono Boost)  
  51  4:31  Probe  
  54  4:39  Probe  
  54  4:41  Probe  
  54  4:46  Pylon  
  54  4:49  Immortal (Chrono Boost)  
  54  4:50  Void Ray, Assimilator  
  62  4:54  Stargate  
  62  5:03  Probe  
  62  5:04  Probe  
  62  5:06  Stalker  
  66  5:07  Sentry  
  66  5:13  Probe  
  68  5:17  Probe  
  68  5:20  Pylon  
  70  5:31  Forge  
  70  5:33  Probe  
  70  5:34  Probe  
  72  5:35  Probe  
  72  5:39  Immortal (Chrono Boost)  
  72  5:41  Void Ray  
  81  5:43  Probe  
  81  5:46  Probe x2  
  84  5:54  Probe  
  84  5:57  Probe, Void Ray  
  85  5:58  Probe  
  91  6:04  Probe  
  91  6:05  Pylon  
  91  6:07  Pylon  
  91  6:09  Pylon  
  91  6:10  Probe  
  93  6:11  Pylon  
  93  6:15  Fleet Beacon  
  93  6:17  Assimilator  
  93  6:18  Assimilator  
  93  6:21  Probe x2, Pylon  
  93  6:23  Probe  
  100  6:25  Immortal (Chrono Boost)  
  100  6:32  Probe  
  101  6:42  Void Ray  
  101  6:43  Void Ray  
  101  6:44  Pylon, Photon Cannon  
  109  6:50  Photon Cannon  
  109  6:51  Pylon  
  109  6:52  Pylon  
  109  6:59  Protoss Air Weapons Level 1 (Chrono Boost)  
  107  7:09  Stargate  
  106  7:24  Stalker x2, Zealot  
  106  7:29  Carrier x2 (Chrono Boost)  
  124  7:41  Pylon  
  124  7:42  Graviton Catapult  
  124  7:48  Pylon  
  130  7:59  Photon Cannon  
  130  8:04  Photon Cannon  
  130  8:05  Carrier (Chrono Boost)  
  130  8:06  Photon Cannon  
  130  8:10  Photon Cannon  
  130  8:17  Pylon  
  130  8:19  Pylon  
  130  8:21  Pylon  
  130  8:29  Nexus  
  130  8:30  Pylon  
  127  8:36  Immortal  
  131  8:42  Pylon  
  131  8:44  Photon Cannon  
  131  8:45  Carrier (Chrono Boost)  
  131  8:46  Photon Cannon, Carrier (Chrono Boost)  
  143  8:49  Pylon  
  143  8:53  Photon Cannon  
  143  9:00  Pylon  
  149  9:02  Pylon  
  149  9:07  Phoenix (Chrono Boost)  
  149  9:08  Photon Cannon  
  149  9:10  Photon Cannon  
  149  9:15  Photon Cannon  
  149  9:18  Photon Cannon x2  
  149  9:20  Photon Cannon  
  147  9:36  Carrier (Chrono Boost)  
  153  9:46  Probe  
  153  9:48  Probe  
  155  9:56  Carrier (Chrono Boost)  
  155  9:58  Carrier (Chrono Boost)  
  155  10:05  Zealot x3  
  173  10:16  Protoss Air Weapons Level 2 (Chrono Boost)  
  173  10:31  Stargate  
  173  10:42  Pylon  
  172  10:55  Carrier (Chrono Boost)  
  178  11:07  Carrier (Chrono Boost)  
  178  11:11  Pylon, Assimilator  
  178  11:12  Assimilator  
  178  11:14  Carrier (Chrono Boost)  
  190  11:31  Carrier (Chrono Boost)  
  190  11:34  Observer (Chrono Boost)  
  195  12:24  Zealot x2  
  195  12:28  Zealot  
Show
View Real Time Build Order
Export as new Build Order

Neeblet Protoss 

Build Orders: Nexus First 

Get SALT Encoding   

  12  0:01  Probe (Chrono Boost)  
  13  0:11  Probe (Chrono Boost)  
  14  0:20  Pylon  
  14  0:22  Probe (Chrono Boost)  
  15  0:38  Probe (Chrono Boost)  
  16  0:48  Probe (Chrono Boost)  
  17  0:58  Nexus  
  17  1:06  Gateway  
  17  1:10  Probe (Chrono Boost)  
  18  1:16  Assimilator  
  18  1:21  Probe (Chrono Boost)  
  18  1:23  Assimilator  
  19  1:31  Probe (Chrono Boost)  
  20  1:36  Gateway  
  20  1:42  Probe (Chrono Boost)  
  21  1:52  Probe (Chrono Boost)  
  21  1:53  Cybernetics Core  
  22  2:03  Probe (Chrono Boost)  
  23  2:10  Probe (Chrono Boost)  
  23  2:13  Probe (Chrono Boost)  
  25  2:21  Probe (Chrono Boost)  
  26  2:24  Probe (Chrono Boost)  
  27  2:30  Stalker x2 (Chrono Boost)  
  27  2:31  Probe  
  27  2:33  Warp Gate  
  27  2:36  Probe  
  33  2:43  Pylon  
  33  2:45  Probe (Chrono Boost)  
  33  2:49  Mothership Core (Chrono Boost)  
  36  2:55  Pylon  
  36  2:57  Probe (Chrono Boost)  
  37  3:03  Stalker  
  39  3:08  Probe (Chrono Boost)  
  39  3:11  Probe (Chrono Boost)  
  41  3:18  Probe (Chrono Boost)  
  42  3:20  Robotics Facility  
  42  3:22  Probe (Chrono Boost)  
  42  3:26  Stalker  
  45  3:29  Probe (Chrono Boost)  
  45  3:32  Probe (Chrono Boost)  
  47  3:35  Pylon  
  47  3:39  Probe (Chrono Boost)  
  48  3:43  Probe (Chrono Boost), Assimilator  
  48  3:46  Twilight Council  
  49  3:50  Probe (Chrono Boost)  
  49  3:53  Probe (Chrono Boost)  
  51  3:57  Pylon  
  51  4:00  Probe (Chrono Boost)  
  51  4:04  Probe (Chrono Boost)  
  51  4:06  Pylon  
  52  4:11  Probe (Chrono Boost), Observer  
  52  4:14  Probe (Chrono Boost)  
  54  4:21  Probe (Chrono Boost)  
  54  4:25  Probe (Chrono Boost), Assimilator  
  55  4:32  Probe (Chrono Boost)  
  55  4:33  Observer, Blink (Chrono Boost)  
  55  4:35  Probe (Chrono Boost)  
  58  4:40  Nexus  
  58  4:41  Pylon  
  58  4:42  Probe (Chrono Boost)  
  59  4:46  Probe (Chrono Boost)  
  59  4:49  Pylon  
  59  4:50  Sentry  
  59  4:51  Sentry  
  64  4:54  Probe (Chrono Boost)  
  64  4:57  Pylon  
  64  4:58  Probe (Chrono Boost)  
  67  5:08  Probe (Chrono Boost)  
  67  5:09  Probe (Chrono Boost), Immortal  
  67  5:14  Stalker  
  74  5:15  Stalker  
  74  5:20  Probe x2 (Chrono Boost)  
  78  5:30  Probe (Chrono Boost)  
  78  5:31  Gateway, Pylon  
  78  5:32  Probe (Chrono Boost)  
  80  5:41  Probe (Chrono Boost)  
  82  5:44  Probe (Chrono Boost)  
  82  5:48  Immortal  
  86  5:51  Probe (Chrono Boost)  
  86  5:52  Probe (Chrono Boost)  
  86  5:56  Probe (Chrono Boost)  
  88  6:00  Stalker x2  
  88  6:02  Probe (Chrono Boost)  
  88  6:03  Probe (Chrono Boost)  
  94  6:09  Probe (Chrono Boost)  
  95  6:14  Gateway x2  
  95  6:15  Gateway  
  95  6:19  Probe x2 (Chrono Boost), Pylon  
  95  6:23  Probe (Chrono Boost), Charge  
  98  6:26  Assimilator  
  98  6:27  Assimilator  
  98  6:28  Immortal  
  98  6:29  Probe x2 (Chrono Boost)  
  98  6:32  Forge  
  104  6:35  Probe (Chrono Boost)  
  105  6:45  Nexus  
  105  6:47  Pylon  
  105  6:50  Probe (Chrono Boost)  
  105  6:51  Probe (Chrono Boost)  
  105  6:52  Probe (Chrono Boost)  
  108  6:58  Protoss Ground Weapons Level 1 (Chrono Boost)  
  108  7:00  Stalker x3, Probe (Chrono Boost)  
  115  7:02  Probe (Chrono Boost)  
  115  7:04  Pylon  
  116  7:09  Probe  
  117  7:16  Templar Archives  
  117  7:17  Probe, Pylon  
  117  7:18  Probe, Pylon  
  117  7:21  Probe  
  115  7:26  Stalker x4  
  123  7:31  Assimilator  
  123  7:33  Probe  
  123  7:35  Probe x2  
  123  7:36  Assimilator  
  126  7:41  Gateway  
  126  7:43  Gateway  
  126  7:51  Psionic Storm  
  126  7:59  High Templar x2  
  126  8:00  High Templar x3  
  136  8:07  High Templar  
  136  8:08  Gateway x2  
  136  8:10  Gateway  
  136  8:12  Gateway  
  138  8:19  Pylon  
  136  8:32  High Templar x3  
  136  8:33  High Templar  
  144  8:36  Protoss Ground Weapons Level 2  
  144  8:38  Pylon  
  144  8:40  Warp Prism (Chrono Boost)  
  146  8:52  Zealot x2, High Templar x2  
  152  8:56  Archon  
  152  9:05  Archon  
  152  9:06  High Templar x2  
  152  9:07  Zealot x2  
  160  9:11  Pylon  
  160  9:12  Warp Prism (Chrono Boost)  
  160  9:14  Photon Cannon  
  160  9:15  Archon  
  162  9:17  Stalker x4  
  170  9:34  Probe x2  
  172  9:43  High Templar x3  
  172  9:44  High Templar  
  180  9:48  Archon  
  180  9:49  Nexus, Archon  
  180  9:58  Pylon  
  180  9:59  Nexus, Pylon  
  180  10:04  Nexus  
  180  10:05  Pylon, Zealot x6  
  180  10:06  Zealot x2  
  181  10:14  Observer (Chrono Boost)  
  179  10:21  Archon x3  
  179  10:22  Archon  
  179  10:30  High Templar x6  
  179  10:34  Archon x2  
  179  10:35  Archon  
  191  10:37  Assimilator  
  191  10:38  Assimilator  
  191  10:40  Assimilator  
  191  10:41  Assimilator  
  191  10:42  Assimilator  
  191  10:45  Assimilator  
  191  10:48  Photon Cannon  
  171  10:57  Observer (Chrono Boost)  
  171  10:58  Stalker x3  
  171  10:59  Stalker x2  
  171  11:01  Stalker  
  179  11:11  Probe x2  
  179  11:12  Probe x2  
  179  11:17  High Templar x2  
  187  11:20  High Templar  
  187  11:22  Archon, High Templar  
  191  11:26  Archon  
  191  11:30  Dark Shrine  
  191  11:37  Gateway  
  191  11:39  Gateway  
  191  11:41  Gateway  
  191  11:44  Gateway  
  191  11:46  Gateway  
  191  11:49  Gateway  
  191  11:51  Gateway  
  145  12:17  Zealot  
  145  12:18  Zealot x9  
  156  12:24  Observer (Chrono Boost)  
  156  12:29  High Templar x4  
  134  12:43  Archon x2  
  128  12:45  Sentry x2, High Templar x4  
  128  12:46  High Templar x4  
  128  12:48  High Templar x2  
  128  12:49  High Templar x2  
  128  12:50  Archon x2  
  128  12:51  Archon x2  
  156  12:52  Archon  
  156  12:53  Archon  

Tags
 
Add a new tag
Caveats
  • Supply blocks, unpowered buildings, or Contaminate may cause inaccurate times.
  • Supply counts are checked every 10 seconds.